 Dungeon Crawl Stone Soup version 0.32-a0-913-g739538afd8 (webtiles) character file.

Game seed: 11005296355360049469

60 pokeman the Magician (level 3, -1/20 HPs)
             Began as a Deep Elf Hedge Wizard on Apr 7, 2024.
             Slain by a gnoll
             ... wielding a +0 whip
              (4 damage)
             ... on level 2 of the Dungeon.
             The game lasted 00:01:50 (1417 turns).

pokeman the Magician (Deep Elf Hedge Wizard)        Turns: 1417, Time: 00:01:51

Health: -1/20      AC:  2    Str:  7    XL:     3   Next: 82%
Magic:  0/11       EV: 11    Int: 20    God:
Gold:   31         SH:  0    Dex: 14    Spells: 4/12 levels left

rFire   . . .        a - +0 dagger
rCold   . . .        (no shield)
rNeg    . . .        b - +0 robe
rPois   .            c - +0 hat
rElec   .            (no cloak)
rCorr   .            (no gloves)
SInv    .            (no boots)
Will    +....        (no amulet)
Stlth   ++           g - ring of willpower
HPRegen 0.23/turn    (no ring)
MPRegen 0.12/turn

%: no passive effects
@: very slightly contaminated
A: no striking features
a: no special abilities


You were on level 2 of the Dungeon.
You visited 1 branch of the dungeon, and saw 2 of its levels.

You collected 31 gold pieces.

Inventory:

Hand Weapons
 a - a +0 dagger (weapon)
Armour
 b - a +0 robe (worn)
 c - a +0 hat (worn)
Jewellery
 g - a ring of willpower (left hand)
Scrolls
 f - a scroll of identify {unknown}
 h - 2 scrolls of teleportation {unknown}
 k - a scroll of noise {unknown}
 l - 2 scrolls of enchant armour {unknown}
 m - 2 scrolls of enchant weapon {unknown}
Potions
 d - a potion of magic
 e - a potion of berserk rage {unknown}
 i - a potion of attraction {unknown}
 j - a potion of experience {unknown}
 n - a potion of degeneration {unknown}


   Skills:
 - Level 1.0 Fighting
 - Level 1.0 Armour
 + Level 2.5 Dodging
 + Level 2.5 Stealth
 * Level 5.4 Spellcasting
 + Level 2.0 Conjurations
 - Level 1.1 Summonings
 - Level 1.1 Translocations


You had 4 spell levels left.
You knew the following spells:

 Your Spells              Type           Power      Damage    Failure   Level
a - Magic Dart            Conj           52%        1d5       4%          1
b - Mephitic Cloud        Conj/Alch/Air  8%         N/A       26%         3
c - Call Imp              Summ           18%        N/A       11%         2
d - Blink                 Tloc           18%        N/A       11%         2

Your spell library contained the following spells:

 Spells                   Type           Power      Damage    Failure   Level
 Slow                     Hex            20%        N/A       11%         1
 Cigotuvi's Dreadful Rot  Necr/Alch/Air  10%        N/A       17%         2


Dungeon Overview and Level Annotations

Branches:
Dungeon (2/15)

Altars:


Message History

Your cerulean imp hits the gnoll but does no damage.
The gnoll misses your cerulean imp.
Your cerulean imp hits the gnoll with a -4 spear.
The gnoll hits your cerulean imp with a +0 whip.
Your cerulean imp hits the gnoll but does no damage.
The ribbon worm bites the gnoll.
The gnoll barely misses your cerulean imp.
Your cerulean imp hits the gnoll with a -4 spear.
The ribbon worm bites the gnoll.
The gnoll hits your cerulean imp with a +0 whip.
Your cerulean imp hits the gnoll with a -4 spear.
The gnoll hits your cerulean imp with a +0 whip.
Your cerulean imp dies!
Your cerulean imp disappears in a puff of smoke!
The ribbon worm barely misses the gnoll.
Casting: Call Imp (safe; 11% risk of failure)
Confirm with . or Enter, or press ? or * to list all spells.
Aiming: Mephitic Cloud (extremely dangerous; 26% risk of failure)
Press: ? - help, Shift-Dir - straight line, f - gnoll
Aim: a gnoll, wielding a +0 spear (almost dead, confused, chance to affect: 91%)
You miscast Mephitic Cloud.
You are very lightly contaminated with residual magic.
Nothing appears to happen.
You hit the gnoll.
The gnoll is heavily wounded.
The ribbon worm bites the gnoll.
The gnoll is killed!
The gnoll hits you with a +0 whip!
* * * LOW HITPOINT WARNING * * *
Unknown command.
Casting: Mephitic Cloud (extremely dangerous; 26% risk of failure)
Confirm with . or Enter, or press ? or * to list all spells.
A tiny devil pulls itself out of the air.
The gnoll hits you with a +0 whip.
* * * LOW HITPOINT WARNING * * *
Unknown command.
You hit the gnoll.
The gnoll is severely wounded.
The gnoll hits you with a +0 whip.
You die...

#.......###.##
#.##.##.##.#.##
####.#.......###.#
##..............##>
###...#.#..##...#.#..
.....#..............
#...#........##.##.
##.####..###.##.###
#@..........#...
#g###########...#
#...§)5.....# #...#
#.###w§####.# #...#
#§.# #...# [†.. #(.#.
..... #... .


You could see a ribbon worm (confused), a gnoll (ally target) and a friendly
cerulean imp (summoned).

Vanquished Creatures
  3 gnolls (D:2)
  A dart slug (D:1)
  11 ball pythons
  An endoplasm (D:1)
  2 giant cockroaches (D:1)
  3 goblins
  3 hobgoblins (D:1)
  2 jackals (D:1)
  A kobold (D:1)
  A bat (D:2)
  A frilled lizard (D:2)
  A rat (D:2)
30 creatures vanquished.

Notes
Turn   | Place    | Note
-------+----------+-------------------------------------------
     0 | D:1      | pokeman the Deep Elf Hedge Wizard began the quest for the
                  | Orb.
     0 | D:1      | Reached XP level 1. HP: 10/10 MP: 7/7
   119 | D:1      | Reached XP level 2. HP: 15/15 MP: 4/9
   410 | D:1      | Found a faded altar of an unknown god.
   692 | D:1      | Reached skill level 5 in Spellcasting
  1323 | D:2      | Reached XP level 3. HP: 20/20 MP: 8/11
  1327 | D:2      | Learned a level 3 spell: Mephitic Cloud
  1330 | D:2      | Learned a level 2 spell: Call Imp
  1333 | D:2      | Learned a level 2 spell: Blink
  1407 | D:2      | Reached skill level 1 in Fighting
  1407 | D:2      | Reached skill level 1 in Armour
  1417 | D:2      | Slain by a gnoll

Illustrated notes

Levels and vault maps discovered:
D:1:      dpeg_arrival_round_c, layout_basic,
          shapermc_ecumenical_altar_mp_highgroup
D:2:      layout_loops_cross

Skill      XL: |  1  2  3 |
---------------+----------+-----
Spellcasting   | 5 |  5.4
Fighting       | 1 |  1.0
Armour         | 1 |  1.0
Conjurations   | 2 |  2.0
Dodging        | |  2.5
Stealth        | |  2.5
Summonings     | |  1.1
Translocations | |  1.1

Action                     || total
---------------------------++-------
  Melee: Dagger            ||    11
   Cast: Magic Dart        ||    56
         Call Imp          ||     2
         Mephitic Cloud    ||     1
 Armour: Robe              ||    15
  Dodge: Dodged            ||    10

Table legend: (Time is in decaauts)
 A = Elapsed time spent in this place.
 B = Non-inter-level travel time spent in this place.
 C = Inter-level travel time spent in this place.
 D = Time resting spent in this place.
 E = Time spent auto-exploring this place.
 F = Levels seen in this place.
 G = Mean time per level.
                   A        B        C        D        E       F      G
               +--------+--------+--------+--------+--------+-----+--------+
         Total |   1416 |   1403 |     13 |      6 |   1258 |   2 |  708.0 |
       Dungeon |   1416 |   1403 |     13 |      6 |   1258 |   2 |  708.0 |
               +--------+--------+--------+--------+--------+-----+--------+

Top non-repeatable levels by time:
     D:1: 1277 daAuts
     D:2: 138 daAuts
